 Dungeon Crawl Stone Soup version 0.25.0-9-g26727b657a (webtiles) character file.

Game seed: 15988411815957030412

36 Lekan the Ducker (level 3, -2/36 HPs)
             Began as a Troll Fighter on June 18, 2020.
             Slain by a gnoll
             ... wielding a +1 halberd of protection
              (8 damage)
             ... on level 2 of the Dungeon.
             The game lasted 00:12:03 (1187 turns).

Lekan the Ducker (Troll Fighter)                    Turns: 1187, Time: 00:12:03

Health: -2/36      AC:  6    Str: 25    XL:     3   Next: 19%
Magic:  2/2        EV:  8    Int:  4    God:
Gold:   58         SH:  8    Dex:  9    Spells: 2/2 levels left

rFire    . . .     SeeInvis .     - Unarmed
rCold    . . .     Gourm    +   b - +0 kite shield
rNeg     . . .     Faith    .   a - +0 robe
rPois    .         Spirit   .   (helmet restricted)
rElec    .         Reflect  .   (no cloak)
rCorr    .         Harm     .   (gloves unavailable)
MR       .....                  (boots unavailable)
Stlth    +.........             (no amulet)
HPRegen  0.52/turn              g - ring of wizardry
MPRegen  0.08/turn              (no ring)

@: no status effects
A: large, unfitting armour, claws 3, fast metabolism 3, gourmand, regeneration
1, shaggy fur 1, tough skin 3
a: no special abilities


You were on level 2 of the Dungeon.
You were very full.

You visited 1 branch of the dungeon, and saw 2 of its levels.

You collected 58 gold pieces.

Inventory:

Hand Weapons
 n - a +0 spear
Missiles
 j - 33 arrows
 k - 34 stones (quivered)
Armour
 a - a +0 robe (worn)
 b - a +0 kite shield (worn)
Jewellery
 g - a ring of wizardry (left claw)
Scrolls
 e - a scroll of amnesia {unknown}
 h - a scroll of blinking {unknown}
 i - a scroll of identify {unknown}
 m - a scroll of immolation {unknown}
 p - a scroll of noise {unknown}
 r - a scroll of teleportation {unknown}
Potions
 c - 2 potions of might
 f - a potion of berserk rage {unknown}
 l - a potion of flight {unknown}
 o - a potion of curing {unknown}
 q - a potion of heal wounds {unknown}
Comestibles
 d - 2 rations


   Skills:
 + Level 2.5 Fighting
 + Level 3.1 Dodging
 + Level 2.6 Shields
 + Level 2.3 Unarmed Combat


You had 2 spell levels left.
You didn't know any spells.
Your spell library was empty.

Dungeon Overview and Level Annotations

Branches:
Dungeon (2/15)

Altars:

Annotations:
D:2 Sigmund


Innate Abilities, Weirdness & Mutations

You are too large for most types of armour.
You have claws for hands.
Your metabolism is lightning-fast.
You like to eat raw meat.
Your natural rate of healing is unusually fast.
You are covered in fur. (AC +1)
You have extremely tough skin. (AC +3)


Message History

The gnoll closely misses you.
There is a stone staircase leading up, spattered with blood here.
Throwing (i - inventory)
k - 36 stones (quivered)
Press: ? - help, Shift-Dir - straight line, f - gnoll
Aim: a gnoll, wielding a +1 halberd of protection You throw a stone.
The stone barely misses the gnoll.
The gnoll hits you from afar with a +1 halberd of protection!
You block the gnoll's attack. The gnoll hits you but does no damage.
Throwing (i - inventory)
k - 35 stones (quivered)
Press: ? - help, Shift-Dir - straight line, f/p - gnoll
Aim: a gnoll, wielding a +1 halberd of protection You throw a stone.
The stone hits the gnoll but does no damage.
The gnoll hits you from afar with a +0 spear.
The gnoll hits you from afar with a +1 halberd of protection!
The gnoll hits you from afar with a +0 halberd!
* * * LOW HITPOINT WARNING * * *
The gnoll hits you but does no damage.
The gnoll hits you from afar with a +1 halberd of protection!
You die...

#........##.###..#.#
####........##........#
##..........#######..#.###
#.###.......# #..#...) #.#
#>....#[# #..#####
#.###.....#.#######..#
##?..(....#.....รท....#
##....g......#####.##
###..g.@###.# #.# ##
#..g..# #.# #.# #. ###.###
#.# #.#####. #.# #.#
#....... #.# #.# #######.
#.# #.# #. #.# #.# ## #.#


You could see 3 gnolls.

Vanquished Creatures
  A gnoll (D:1)
  A dart slug (D:2)
  2 leopard geckos (D:1)
  2 goblins (D:2)
  5 hobgoblins
  A bat (D:2)
  2 frilled lizards
  6 kobolds
  2 rats (D:1)
22 creatures vanquished.

Notes
Turn   | Place    | Note
-------+----------+-------------------------------------------
     0 | D:1      | Lekan the Troll Fighter began the quest for the Orb.
     0 | D:1      | Reached XP level 1. HP: 22/22 MP: 0/0
   439 | D:1      | Reached XP level 2. HP: 28/29 MP: 1/1
   805 | D:2      | Noticed Sigmund
  1103 | D:1      | Reached skill level 3 in Dodging
  1103 | D:1      | Reached XP level 3. HP: 33/36 MP: 2/2
  1187 | D:2      | Slain by a gnoll

Illustrated notes

Levels and vault maps discovered:
D:1:      dpeg_arrival_tiny_d, layout_basic
D:2:      cheibrodos_pilgrimage, layout_loops_ring, kennysheep_generic_room_13,
          uniq_sigmund

Skill      XL: |  1  2 |
---------------+-------+-----
Dodging        | 3 |  3.1
Fighting       | |  2.5
Shields        | |  2.6
Unarmed Combat | |  2.3

Action                   || total
-------------------------++-------
Melee: Unarmed           ||    95
Throw: Stone             ||     2
  Eat: Chunk             ||    15
Armor: Robe              ||    21
Dodge: Dodged            ||    38
Block: Kite shield       ||    51
